cohdb
Replays
Latest Replays
All Replays
Popular Replays
Top Player Replays
Match Explorer
How It Works
Community
CoH3 Stats
Reddit
Sign in to upload your games and track your stats! →
Sign in with Steam
Match 44215349
Unlisted
Match 44215349
Overview
Messages
Build Orders
End
Engineer Squad
Selects Armored Battlegroup
Selects Armored Battlegroup
Construct Barracks
1⁄4-ton 4x4 Truck
Selects Veteran Crews
M1 Mortar Team
Riflemen Squad
Mechanized Support Center
Riflemen Squad
Designate Forward Repair Station
.30 cal Machine Gun
Construct Motor Pool
Selects M31 Recovery Vehicle
M8 Greyhound Armored Car
Improvised Armor
Construct Medical Station
M8 Greyhound Armored Car
Rapid Repairs
Selects War Machine
M8 Greyhound Armored Car
M3 75 mm Gun Motor Carriage
M8 Greyhound Armored Car
M8 Greyhound Armored Car
Vipper
你看戏不帮那我就摆烂
gUi
JUNELLE
nacke
izi
fmas3
peymanp313
0
0
Comments
sign in to comment!
No comments posted yet!